 Dungeon Sprint DCSS version 0.27.1-1-g398f81649c (webtiles) character file.

Game seed: 8824115594843305810

2711 ugugthedestroyer the Grappler (level 9, -27/90 HPs)
             Began as a Gnoll Transmuter on Sept 11, 2021.
             Was a High Priest of Sif Muna.
             Annihilated by a phantasmal warrior (29 damage)
             ... in the Dungeon (Sprint VII: "The Pits").
             The game lasted 00:06:36 (798 turns).

ugugthedestroyer the Grappler (Gnoll Transmuter)     Turns: 798, Time: 00:06:36

Health: -27/90     AC:  7    Str: 13    XL:     9   Next: 66%
Magic:  22/22      EV: 13    Int: 13    God:    Sif Muna [*****.]
Gold:   0          SH:  0    Dex: 12    Spells: 19/27 levels left

rFire    x . .     SeeInvis .     - Unarmed
rCold    + + +     Faith    .   (shield currently unavailable)
rNeg     . . .     Spirit   .   (armour currently unavailable)
rPois    +         Reflect  .   (helmet currently unavailable)
rElec    .         Harm     .   (cloak currently unavailable)
rCorr    .         Rampage  .   (gloves currently unavailable)
Will     .....     NoTele   +   (boots currently unavailable)
Stlth    ++++......             (no amulet)
HPRegen  0.25/turn              (no ring)
MPRegen  0.18/turn              (no ring)

@: ice-form
A: freezing attack, amphibious, boosted hp, large, (fangs 1), strong nose,
distributed training
a: End Transformation, Renounce Religion, Channel Magic, Forget Spell, Divine
Exegesis


You were in the Dungeon.
You worshipped Sif Muna.
Sif Muna was extremely pleased with you.
You were a creature of crystalline ice.
You visited 1 branch

Inventory:

Armour
 a - a +0 robe (melded)
 l - a +0 pair of boots (melded)
 m - a +0 cloak (melded)
 n - a +0 pair of gloves (melded)
Jewellery
 c - a +3 ring of strength
 g - a +3 ring of protection
Scrolls
 i - 5 scrolls of amnesia
 j - a scroll of summoning
Potions
 b - 10 potions of curing
 d - 2 potions of haste
 e - 4 potions of magic
 f - 3 potions of berserk rage
 h - 2 potions of invisibility
 k - 8 potions of heal wounds


   Skills:
 + Level 8.4 Fighting
 + Level 8.0 Short Blades
 + Level 8.0 Long Blades
 + Level 8.0 Axes
 + Level 8.0 Maces & Flails
 + Level 8.0 Polearms
 + Level 8.0 Staves
 + Level 8.0 Slings
 + Level 8.0 Bows
 + Level 8.0 Crossbows
 + Level 8.0 Throwing
 + Level 8.0 Armour
 + Level 9.3 Dodging
 + Level 8.0 Stealth
 + Level 8.0 Shields
 + Level 10.3 Unarmed Combat
 + Level 9.5 Spellcasting
 + Level 6.6 Conjurations
 + Level 6.6 Hexes
 + Level 6.6 Summonings
 + Level 6.6 Necromancy
 + Level 6.6 Translocations
 + Level 7.7 Transmutations
 + Level 6.6 Fire Magic
 + Level 6.6 Ice Magic
 + Level 6.6 Air Magic
 + Level 6.6 Earth Magic
 + Level 6.6 Poison Magic
 + Level 8.8 Invocations
 + Level 8.0 Evocations


You had 19 spell levels left.
You knew the following spells:

 Your Spells              Type           Power      Damage    Failure   Level
a - Beastly Appendage     Tmut           52%        N/A       1%          1
b - Spider Form           Tmut/Pois      12%        N/A       1%          3
c - Ice Form              Ice/Tmut       24%        N/A       6%          4

Your spell library contained the following spells:

 Spells                   Type           Power      Damage    Failure   Level
 Wereblood                Tmut           26%        N/A       1%          2


Dungeon Overview and Level Annotations

Branches:
Dungeon (1/1)

Altars:
Ashenzari
Cheibriados
Dithmenos
Elyvilon
Fedhas
Gozag
Hepliaklqana
Kikubaaqudgha
Makhleb
Nemelex Xobeh
Okawaru
Qazlal
Ru
Sif Muna
Trog
Uskayaw
Vehumet
Wu Jian
Xom
Yredelemnul
Zin
The Shining One
Beogh
Jiyva
Lugonu


Innate Abilities, Weirdness & Mutations

You are a creature of crystalline ice.
You have a powerful freezing melee attack.
You are amphibious.
Your maximum health is increased.
Your armour is entirely melded.
You are incapable of wielding weapons or throwing items.
((You have very sharp teeth.))
Your uncanny sense of smell can sniff out nearby items.
Your experience applies equally to all skills.


Message History

The noxious blast engulfs you but does no damage.
You are poisoned.
You resist.
You hit the orc wizard but do no damage.
The orc wizard is severely wounded.
You feel sick. The nagaraja misses you.
The phantasmal warrior blinks!
The orc wizard is engulfed in noxious fumes.
The orc wizard appears confused.
The orc wizard hits the swamp drake with a +0 dagger.
The swamp drake bites you.
The nagaraja hits you from afar with a +0 spear.
Unknown command.
You hit the orc wizard. You freeze the orc wizard.
You kill the orc wizard!
Sif Muna accepts your kill.
Sif Muna will now gift you books as you gain piety.
You feel sick.
The nagaraja hits you from afar with a +0 spear!
The swamp drake breathes poison at you.
The noxious blast engulfs you but does no damage.
You resist.
Unknown command.
Unknown command.
You hit the swamp drake. You freeze the swamp drake.
The swamp drake is lightly wounded.
You feel sick.
You are no longer poisoned.
The nagaraja hits you from afar with a +0 spear!
* * * LOW HITPOINT WARNING * * *
The phantasmal warrior misses you.
Unknown command.
Unknown command.
You closely miss the swamp drake.
The swamp drake is lightly wounded.
The orc warrior barely misses the nagaraja.
The swamp drake closely misses you.
The nagaraja hits you from afar with a +0 spear!
* * * LOW HITPOINT WARNING * * *
The phantasmal warrior hits you!!
You die...

#'#####......#..#......#
..#..##................#
..#))#####'#####''######
###))##.......##''#####
..#))##.......##......+ +
..#[[##.......##......+ .+
..#'###...<...##.....##..#
.....##.......##...###....
.....##.......##Y.##○oD...
#######.......##Wk#○○.#..#
.##).###########..No....l.
..#.############++#l..#..#
.##)#....#....# #.§....
..#÷#....#...[# ##....
.##÷'..).'..))# ..#
..#'#....#..))# .+
..')#....#..))# +


You could see a nagaraja (fast), a phantasmal warrior, a basilisk, a swamp drake
(catching breath) and an orc warrior (confused).

Vanquished Creatures
  A hydra (D)
  A harpy (D)
  An orange demon (D)
  A demonic crawler (D)
  Prince Ribbit (D)
  A wraith (D)
  2 floating eyes (D)
  A sky beast (D)
  An ogre (D)
  A phantom (D)
  A scorpion (D)
  A quasit (D)
  An iron imp (D)
  3 orc wizards (D)
  A mummy (D)
  3 gnolls (D)
  An ufetubus (D)
  2 orcs (D)
  A bat zombie (D)
  2 giant cockroaches (D)
  A goblin (D)
  A hobgoblin (D)
  A quokka (D)
  A kobold (D)
31 creatures vanquished.

Vanquished Creatures (others)
  An orc priest (D)
1 creature vanquished.

Grand Total: 32 creatures vanquished

Notes
Turn   | Place    | Note
-------+----------+-------------------------------------------
     0 | D        | ugugthedestroyer the Gnoll Transmuter began the quest for
                  | the Orb.
     0 | D        | Reached XP level 1. HP: 17/17 MP: 6/6
    16 | D        | Reached skill level 1 in Short Blades
    16 | D        | Reached skill level 1 in Long Blades
    16 | D        | Reached skill level 1 in Axes
    16 | D        | Reached skill level 1 in Maces & Flails
    16 | D        | Reached skill level 1 in Polearms
    16 | D        | Reached skill level 1 in Staves
    16 | D        | Reached skill level 1 in Slings
    16 | D        | Reached skill level 1 in Bows
    16 | D        | Reached skill level 1 in Crossbows
    16 | D        | Reached skill level 1 in Throwing
    16 | D        | Reached skill level 1 in Armour
    16 | D        | Reached skill level 1 in Stealth
    16 | D        | Reached skill level 1 in Shields
    16 | D        | Reached skill level 5 in Spellcasting
    16 | D        | Reached skill level 1 in Conjurations
    16 | D        | Reached skill level 1 in Hexes
    16 | D        | Reached skill level 1 in Summonings
    16 | D        | Reached skill level 1 in Necromancy
    16 | D        | Reached skill level 1 in Translocations
    16 | D        | Reached skill level 1 in Fire Magic
    16 | D        | Reached skill level 1 in Ice Magic
    16 | D        | Reached skill level 1 in Air Magic
    16 | D        | Reached skill level 1 in Earth Magic
    16 | D        | Reached skill level 1 in Poison Magic
    16 | D        | Reached skill level 1 in Invocations
    16 | D        | Reached skill level 1 in Evocations
    16 | D        | Reached XP level 2. HP: 23/23 MP: 8/8
    25 | D        | Noticed a floating eye
    26 | D        | Paralysed by a floating eye for 2 turns
    30 | D        | Paralysed by a floating eye for 4 turns
    36 | D        | Killed a floating eye
    37 | D        | Reached skill level 5 in Dodging
    37 | D        | Reached skill level 7 in Unarmed Combat
    37 | D        | Reached XP level 3. HP: 30/30 MP: 10/10
    37 | D        | Reached XP level 4. HP: 37/37 MP: 11/11
    44 | D        | Noticed a floating eye
    49 | D        | Paralysed by a floating eye for 3 turns
    54 | D        | Reached XP level 5. HP: 28/42 MP: 13/13
    58 | D        | Killed a floating eye
    59 | D        | Reached skill level 5 in Transmutations
    72 | D        | Learned a level 3 spell: Spider Form
    78 | D        | Reached XP level 6. HP: 26/50 MP: 11/15
    84 | D        | Reached skill level 5 in Fighting
    93 | D        | Reached skill level 8 in Unarmed Combat
    93 | D        | Reached skill level 5 in Invocations
   140 | D        | Learned a level 4 spell: Ice Form
   153 | D        | Found a bloodstained altar of Trog.
   153 | D        | Found a shimmering blue altar of Sif Muna.
   153 | D        | Found a viscous altar of Jiyva.
   153 | D        | Found a hazy altar of Hepliaklqana.
   153 | D        | Found an opulent altar of Gozag.
   173 | D        | Found a glowing golden altar of the Shining One.
   173 | D        | Found a glowing silver altar of Zin.
   173 | D        | Found a basalt altar of Yredelemnul.
   173 | D        | Found a shimmering altar of Xom.
   173 | D        | Found an ornate altar of the Wu Jian Council.
   173 | D        | Found a sacrificial altar of Ru.
   173 | D        | Found a stormy altar of Qazlal.
   173 | D        | Found an iron altar of Okawaru.
   173 | D        | Found a sparkling altar of Nemelex Xobeh.
   173 | D        | Found a burning altar of Makhleb.
   173 | D        | Found a blossoming altar of Fedhas.
   173 | D        | Found a white marble altar of Elyvilon.
   173 | D        | Found a shadowy altar of Dithmenos.
   173 | D        | Found a snail-covered altar of Cheibriados.
   176 | D        | Found a corrupted altar of Lugonu.
   176 | D        | Found a radiant altar of Vehumet.
   177 | D        | Found an ancient bone altar of Kikubaaqudgha.
   177 | D        | Found a hide-covered altar of Uskayaw.
   177 | D        | Found a broken altar of Ashenzari.
   202 | D        | Became a worshipper of Sif Muna the Loreminder
   230 | D        | Noticed a sky beast
   238 | D        | Killed a sky beast
   239 | D        | Reached skill level 5 in Short Blades
   239 | D        | Reached skill level 5 in Long Blades
   239 | D        | Reached skill level 5 in Axes
   239 | D        | Reached skill level 5 in Maces & Flails
   239 | D        | Reached skill level 5 in Polearms
   239 | D        | Reached skill level 5 in Staves
   239 | D        | Reached skill level 5 in Slings
   239 | D        | Reached skill level 5 in Bows
   239 | D        | Reached skill level 5 in Crossbows
   239 | D        | Reached skill level 5 in Throwing
   239 | D        | Reached skill level 5 in Armour
   239 | D        | Reached skill level 5 in Stealth
   239 | D        | Reached skill level 5 in Shields
   239 | D        | Reached skill level 5 in Evocations
   239 | D        | Reached XP level 7. HP: 57/57 MP: 13/17
   248 | D        | Reached * piety under Sif Muna
   260 | D        | Reached ** piety under Sif Muna
   276 | D        | Noticed a harpy
   282 | D        | Killed a harpy
   283 | D        | Reached skill level 9 in Unarmed Combat
   283 | D        | Reached skill level 5 in Conjurations
   283 | D        | Reached skill level 5 in Hexes
   283 | D        | Reached skill level 5 in Summonings
   283 | D        | Reached skill level 5 in Necromancy
   283 | D        | Reached skill level 5 in Translocations
   283 | D        | Reached skill level 5 in Fire Magic
   283 | D        | Reached skill level 5 in Ice Magic
   283 | D        | Reached skill level 5 in Air Magic
   283 | D        | Reached skill level 5 in Earth Magic
   283 | D        | Reached skill level 5 in Poison Magic
   283 | D        | Reached XP level 8. HP: 39/65 MP: 17/20
   420 | D        | Noticed Prince Ribbit
   432 | D        | Killed Prince Ribbit
   432 | D        | Reached *** piety under Sif Muna
   589 | D        | Noticed a demonic crawler
   589 | D        | Noticed a six-headed hydra
   602 | D        | Killed a demonic crawler
   602 | D        | Reached **** piety under Sif Muna
   605 | D        | HP: 1/80 [six-headed hydra (4)]
   613 | D        | Killed a six-headed hydra
   614 | D        | Reached skill level 10 in Unarmed Combat
   614 | D        | Reached XP level 9. HP: 47/74 MP: 20/22
   771 | D        | Noticed an orange demon
   779 | D        | Killed an orange demon
   785 | D        | Noticed a nagaraja
   793 | D        | Noticed a phantasmal warrior
   796 | D        | Reached ***** piety under Sif Muna
   798 | D        | HP: 2/90 [nagaraja (16)]
   798 | D        | Annihilated by a phantasmal warrior

Illustrated notes

Levels and vault maps discovered:
D:        pitsprint [storerooms_1, entrance_room_1, metal_vault_4, armoury_2,
          mini_pit_1, grid_room_1, main_hall_1, silver_pit, the_coven_1,
          the_vestibule_1, steel_vault_3, golden_pit, hallway_of_sentries,
          crystal_vault_2, iron_vault_5, final_vault]

Skill      XL: |  1  2  3  4  5  6  7  8  9 |
---------------+----------------------------+-----
Short Blades   | 1 3 4 5 6 7 8 |  8.0
Long Blades    | 1 3 4 5 6 7 8 |  8.0
Axes           | 1 3 4 5 6 7 8 |  8.0
Maces & Flails | 1 3 4 5 6 7 8 |  8.0
Polearms       | 1 3 4 5 6 7 8 |  8.0
Staves         | 1 3 4 5 6 7 8 |  8.0
Slings         | 1 3 4 5 6 7 8 |  8.0
Bows           | 1 3 4 5 6 7 8 |  8.0
Crossbows      | 1 3 4 5 6 7 8 |  8.0
Throwing       | 1 3 4 5 6 7 8 |  8.0
Armour         | 1 3 4 5 6 7 8 |  8.0
Stealth        | 1 3 4 5 6 7 8 |  8.0
Shields        | 1 3 4 5 6 7 8 |  8.0
Spellcasting   | 5 6 7 8 9 |  9.5
Conjurations   | 1 2 3 4 5 6 |  6.6
Hexes          | 1 2 3 4 5 6 |  6.6
Summonings     | 1 2 3 4 5 6 |  6.6
Necromancy     | 1 2 3 4 5 6 |  6.6
Translocations | 1 2 3 4 5 6 |  6.6
Fire Magic     | 1 2 3 4 5 6 |  6.6
Ice Magic      | 1 2 3 4 5 6 |  6.6
Air Magic      | 1 2 3 4 5 6 |  6.6
Earth Magic    | 1 2 3 4 5 6 |  6.6
Poison Magic   | 1 2 3 4 5 6 |  6.6
Invocations    | 1 3 4 5 6 8 |  8.8
Evocations     | 1 3 4 5 6 7 8 |  8.0
Fighting       | 4 5 6 8 |  8.4
Dodging        | 5 6 7 9 |  9.3
Unarmed Combat | 7 8 9 10 | 10.3
Transmutations | 4 5 6 7 |  7.7

Action                   |  1- 3 |  4- 6 |  7- 9 || total
-------------------------+-------+-------+-------++-------
Melee: Unarmed           |     6 |    34 |    58 ||    98
       Punch             |     1 |       |       ||     1
       Bite              |       |     1 |       ||     1
 Cast: Spider Form       |       |     2 |     1 ||     3
       Ice Form          |       |       |     4 ||     4
  Use: Potion            |       |     1 |     5 ||     6
       Scroll            |       |       |     1 ||     1
 Stab: Sleeping          |       |     1 |     3 ||     4
       Confused          |       |       |     1 ||     1
Armor: Robe              |       |     3 |     1 ||     4
       Skin              |       |     2 |    19 ||    21
Dodge: Dodged            |     1 |    28 |    82 ||   111
